 Dungeon Crawl Stone Soup version 0.29.0-4-gdea44cf6ec (webtiles) character file.

Game seed: 11483304641782480740

11 qw the Sneak (level 2, 0/19 HPs)
             Began as a Gargoyle Delver on Sept 10, 2022.
             Slain by an iguana (2 damage)
             ... on level 4 of the Dungeon.
             The game lasted 00:00:06 (424 turns).

qw the Sneak (Gargoyle Delver)                       Turns: 424, Time: 00:00:07

Health: 0/19       AC:  5    Str: 15    XL:     2   Next: 25%
Magic:  2/2        EV: 11    Int: 10    God:
Gold:   20         SH:  0    Dex: 11    Spells: 1/1 levels left

rFire   . . .      SeeInvis .   a - +0 hand axe
rCold   . . .      Faith    .   (no shield)
rNeg    + . .      Spirit   .   b - +0 leather armour
rPois   inf        Reflect  .   (no helmet)
rElec   +          Harm     .   (no cloak)
rCorr   .          Rampage  .   (no gloves)
Will    .....                   (no boots)
Stlth   +++.......              (no amulet)
HPRegen 0.06/turn               (no ring)
MPRegen 0.08/turn               (no ring)

@: no status effects
A: sickness immunity, AC +2, negative energy resistance 1, electricity
resistance, torment resistance 1, petrification resistance
a: no special abilities


You were on level 4 of the Dungeon.
You visited 1 branch of the dungeon, and saw 2 of its levels.

You collected 20 gold pieces.


Innate Abilities, Weirdness & Mutations

You are immune to sickness and miasma.
Your stone body is resilient. (AC +2)
You are immune to poison.
You resist negative energy. (rN+)
You are resistant to electric shocks. (rElec)
You are resistant to unholy torment.
You are immune to petrification.


   Skills:
 - Level 3.2 Fighting
 + Level 2.6 Axes
 - Level 1.5 Dodging
 - Level 5.4 Stealth


You had one spell level left.
You didn't know any spells.
Your spell library was empty.

Inventory:

Hand Weapons
 a - a +0 hand axe (weapon)
 c - a +0 club
Armour
 b - a +0 leather armour (worn)
Wands
 g - a wand of digging (3)
Potions
 d - a potion of curing {unknown}
 f - a potion of haste

Dungeon Overview and Level Annotations

Branches:
Dungeon (5/15)
 Temple: D:4-7

Altars:


Message History

You open the door.
There is an open door here.
You now have 20 gold pieces (gained 9).
There is an open door here.
You open the door.
An orc comes into view. It is wielding a +0 war axe.
There is an open door here.
Enter note:
Enter note:
409 ||| Stepping ~*~*~tactically~*~*~ (stealth).
The orc shouts!
You hear an angry hiss.
There is an open door here.
An iguana comes into view.
The iguana hisses menacingly.
You hit the orc.
The orc is almost dead.
The orc barely misses you.
You slash the orc!
You kill the orc!
You closely miss the iguana. The iguana barely misses you.
You barely miss the iguana. The iguana bites you!
Ouch! That really hurt!
You hit the iguana but do no damage. The iguana closely misses you.
You completely miss the iguana. The iguana misses you.
You hit the iguana but do no damage. The iguana closely misses you.
You slash the iguana!
The iguana is heavily wounded.
The iguana closely misses you.
You hit the iguana but do no damage.
The iguana is heavily wounded.
The iguana bites you but does no damage.
You hit the iguana but do no damage.
The iguana is heavily wounded.
The iguana bites you. x2
You die...

#...#........#
#...'........#
......#
#...#........#
......#
#...##..##...#
......#
##########...#
......#
...........##......#
............#......#
............#l.....'
............@......#
............#......#
########'#######'###
.... .. ...... .
...... ...


You could see an iguana.

Vanquished Creatures
  4 orcs (D:4)
  An endoplasm (D:4)
  A quokka (D:4)
6 creatures vanquished.

Notes
Turn   | Place    | Note
-------+----------+-------------------------------------------
     0 | D:5      | qw the Gargoyle Delver began the quest for the Orb.
     0 | D:5      | Reached XP level 1. HP: 14/14 MP: 1/1
     0 | D:5      | 0 ||| qw: Version: 0.1-a-116-g5d60599
     0 | D:5      | 0 ||| qw: Game counter: 7934
     0 | D:5      | 0 ||| qw: Always use a shield: true
     0 | D:5      | 0 ||| qw: God list: Okawaru
     0 | D:5      | 0 ||| qw: Allow faded altars: false
     0 | D:5      | 0 ||| qw: Do Orc after D:15 true
     0 | D:5      | 0 ||| qw: Do second Lair branch before Depths: true
     0 | D:5      | 0 ||| qw: Lair rune preference: random
     0 | D:5      | 0 ||| qw: Plans: Normal
     0 | D:5      | 0 ||| PLANNING D:1-11
     2 | D:5      | 2 ||| DROPPING scroll of fog.
     3 | D:5      | 3 ||| DROPPING scroll of magic mapping.
     4 | D:5      | 4 ||| DROPPING scroll of fear.
   236 | D:4      | Reached XP level 2. HP: 11/19 MP: 2/2
   409 | D:4      | 409 ||| Stepping ~*~*~tactically~*~*~ (stealth).
   424 | D:4      | HP: 2/19 [iguana (5)]
   424 | D:4      | Slain by an iguana

Levels and vault maps discovered:
D:4:      layout_gridville, grunt_temple_overflow_gold_and_silver,
          nicolae_dithmenos_shadow_blocks, serial_shops, shop, uniq_duvessa
D:5:      layout_cave_pools, nicolae_ru_great_annihilating_truth,
          nicolae_overflow_crystal_walls, lemuel_zombie_altar_kikubaaqudgha,
          gammafunk_ghost_mausoleum, minivault_11

Skill      XL: |  1 |
---------------+----+-----
Axes           | 2 |  2.6
Fighting       | |  3.2
Dodging        | |  1.5
Stealth        | |  5.4

Action                   || total
-------------------------++-------
Melee: Hand axe          ||    22
Armor: Leather armour    ||     4
Dodge: Dodged            ||     9

Table legend:
 A = Non-vault XP
 B = Vault XP
 C = Vault XP percentage of total XP
 D = Non-vault monster count
 E = Vault monster count
 F = Vault count percentage of total count
                 A         B        C        D         E       F
            +---------+---------+-------+---------+---------+-------
      Total |      16 |       0 |   0.0 |       6 |       0 |   0.0
            +---------+---------+-------+---------+---------+-------
        D:4 |      16 |       0 |   0.0 |       6 |       0 |   0.0
            +---------+---------+-------+---------+---------+-------
